 Dungeon Crawl Stone Soup version 0.30-a0-930-gb9d0489357 (webtiles) character file.

Game seed: 1362980698848241365

4744 DeathPants the Reanimator (level 10, -1/53 HPs)
             Began as a Vine Stalker Necromancer on Mar 23, 2023.
             Was an Initiate of Gozag.
             Slain by a six-headed hydra (9 damage)
             ... on level 8 of the Dungeon.
             The game lasted 00:28:05 (7635 turns).

DeathPants the Reanimator (VSNe)                    Turns: 7635, Time: 00:28:05

Health: -1/53      AC:  9    Str: 11    XL:     10   Next: 46%
Magic:  0/29       EV: 13    Int: 15    God:    Gozag
Gold:   600        SH:  0    Dex: 19    Spells: 6/21 levels left

rFire   . . .      SeeInvis .    a - +2 short sword (protect)
rCold   . . .      Faith    .    (no shield)
rNeg    . . .      Spirit   +    h - +0 steam dragon scales
rPois   .          Reflect  .    (no helmet)
rElec   .          Rampage  .    (no cloak)
rCorr   .                        (no gloves)
Will    +....                    (no boots)
Stlth   +++                      C - amulet of regeneration
HPRegen 1.88/turn                l - ring of magical power
MPRegen 0.21/turn                m - +4 ring of protection

@: gold aura, hasted (expiring), very quick
A: fangs 3, regeneration 1, magic shield, antimagic bite, no potion heal 2
a: Renounce Religion, Potion Petition, Call Merchant, Bribe Branch


You were on level 8 of the Dungeon.
You worshipped Gozag.
Gozag was pleased with you.
You visited 1 branch of the dungeon, and saw 9 of its levels.

You collected 880 gold pieces.
You spent 202 gold pieces at shops.
You paid 78 gold pieces to Gozag.

Inventory:

Hand Weapons
 a - a +2 short sword of protection (weapon)
 b - a +3 long sword of holy wrath
 i - a +0 rapier
Missiles
 c - 5 silver javelins
 d - 3 throwing nets
 j - 6 curare-tipped darts (quivered)
 o - a silver boomerang
 r - 9 poisoned darts
 B - 3 javelins
Armour
 h - +0 steam dragon scales (worn)
 p - a +3 scale mail
Jewellery
 l - a ring of magical power (left hand)
 m - a +4 ring of protection (right hand)
 t - a ring of willpower
 C - an amulet of regeneration (around neck)
Wands
 u - a wand of mindburst (11)
 y - a wand of charming (19)
Scrolls
 e - 2 scrolls of blinking
 f - 3 scrolls of teleportation
Potions
 g - a potion of cancellation
 k - a potion of curing
 q - a potion of berserk rage {unknown}
 s - a potion of heal wounds {unknown}
 w - 2 potions of lignification {unknown}
 x - 2 potions of brilliance {unknown}
 z - a potion of attraction {unknown}
 A - a potion of resistance


   Skills:
 + Level 6.7 Fighting
 + Level 6.6 Short Blades
 - Level 2.5 Dodging
 - Level 4.0 Stealth
 - Level 6.2 Spellcasting
 + Level 4.4 Summonings
 + Level 8.1 Necromancy


You had 6 spell levels left.
You knew the following spells:

 Your Spells              Type           Power      Damage    Failure   Level
a - Vampiric Draining     Necr           29%        2d8       1%          3
b - Agony                 Necr           29%        N/A       14%         5
c - Haunt                 Necr/Summ      11%        N/A       100%        7

Your spell library contained the following spells:

 Spells                   Type           Power      Damage    Failure   Level
 Necrotise                Necr           100%       1d9       1%          1
 Cigotuvi's Dreadful Rot  Necr/Pois/Air  24%        N/A       7%          2
 Ensorcelled Hibernation  Hex/Ice        8%         N/A       22%         2
 Passwall                 Tmut/Erth      3%         N/A       22%         2
 Poisonous Vapours        Pois/Air       8%         N/A       22%         2
 Mephitic Cloud           Conj/Pois/Air  4%         N/A       41%         3
 Ozocubu's Armour         Ice            4%         N/A       41%         3
 Swiftness                Air            4%         N/A       41%         3
 Metabolic Englaciation   Hex/Ice        2%         N/A       99%         5
 Infestation              Necr           14%        N/A       100%        8
 Animate Dead             Necr           Unusable   N/A       N/A         4
 Simulacrum               Ice/Necr       Unusable   N/A       N/A         6

Dungeon Overview and Level Annotations

Branches:
Dungeon (9/15)             Temple (0/1) D:7
   Lair: D:8-11         Orc: D:9-12

Altars:
Dithmenos
Gozag
Hepliaklqana
Xom
Zin
The Shining One

Shops:
D:3 (   D:4 (=   D:6 :

Annotations:
D:3 1 runed translucent door, Dittersdorf's ghost, amateur HuFi


Innate Abilities, Weirdness & Mutations

You have razor-sharp teeth.
Your natural rate of healing is unusually fast.
When hurt, damage is shared between your health and your magic reserves.
Your bite disrupts and absorbs the magic of your enemies.
Potions cannot restore your health.


Message History

Confirm with . or Enter, or press ? or * to list all spells.
You don't have enough magic to cast this spell.
Unknown command.
Magic courses through your body.
Casting: Agony (quite dangerous; 14% risk of failure)
Confirm with . or Enter, or press ? or * to list all spells.
Aiming: Agony (quite dangerous; 14% risk of failure)
Press: ? - help, Shift-Dir - straight line, f/p - six-headed hydra
Aim: a six-headed hydra (severely wounded, chance to affect: 70%)
The six-headed hydra convulses!
The six-headed hydra bites you.
The six-headed hydra bites you but does no damage. x2
The six-headed hydra closely misses you.
The six-headed hydra bites you.
The six-headed hydra bites you but does no damage.
Casting: Agony (quite dangerous; 14% risk of failure)
Confirm with . or Enter, or press ? or * to list all spells.
Aiming: Agony (quite dangerous; 14% risk of failure)
Press: ? - help, Shift-Dir - straight line, f/p - six-headed hydra
Aim: a six-headed hydra (almost dead, chance to affect: 70%)
The six-headed hydra struggles to resist.
The six-headed hydra bites you.
The six-headed hydra bites you but does no damage. x4
The six-headed hydra bites you!
* * * LOW HITPOINT WARNING * * *
Casting: Agony (quite dangerous; 14% risk of failure)
Confirm with . or Enter, or press ? or * to list all spells.
Aiming: Agony (quite dangerous; 14% risk of failure)
Press: ? - help, Shift-Dir - straight line, f/p - six-headed hydra
Aim: a six-headed hydra (severely wounded, chance to affect: 70%)
The six-headed hydra struggles to resist.
Casting: Agony (quite dangerous; 14% risk of failure)
Confirm with . or Enter, or press ? or * to list all spells.
Aiming: Agony (quite dangerous; 14% risk of failure)
Press: ? - help, Shift-Dir - straight line, f/p - six-headed hydra
Aim: a six-headed hydra (severely wounded, chance to affect: 70%)
The six-headed hydra convulses!
The six-headed hydra bites you!
* * * LOW HITPOINT WARNING * * *
The six-headed hydra bites you!
You die...
Your body crumbles into a pile of gold.

$ $ # # #+#####.#...
$. #.@DR....(# #
######°##.#...
##).>oKK.......
#.......##.#...
#....#.....#
##########.##.#######
#.............# .
#..........##.# .
#.....~......... .


You could see a six-headed hydra and an efreet.

Vanquished Creatures
  A two-headed ogre (D:8)
  A cyclops (D:8)
  An ugly thing (D:8)
  Maggie (D:6)
  Prince Ribbit (D:7)
  Menkaure (D:4)
  Edmund (D:5)
  A water moccasin (D:7)
  An ice beast (D:7)
  A sky beast (D:7)
  2 ogres
  4 centaurs
  2 phantoms (D:6)
  A kobold brigand (D:8)
  3 bullfrogs
  A scorpion (D:5)
  6 killer bees
  5 howler monkeys
  3 hounds
  A jelly (D:4)
  5 orc priests
  2 gnoll boudas
  4 sleepcaps
  2 iguanas
  3 orc wizards
  26 gnolls
  7 adders
  A shadow imp (D:7)
  2 white imps
  3 ufetubi
  2 worms
  15 orcs
  5 ball pythons
  10 endoplasms
  8 giant cockroaches
  10 goblins
  8 hobgoblins
  5 jackals
  3 quokkas
  10 bats
  3 frilled lizards (D:3)
  8 kobolds
  9 rats
189 creatures vanquished.

Vanquished Creatures (collateral kills)
  An endoplasm (D:1)
1 creature vanquished.

Grand Total: 190 creatures vanquished

Notes
Turn   | Place    | Note
-------+----------+-------------------------------------------
     0 | D:1      | DeathPants the Vine Stalker Necromancer began the quest for
                  | the Orb.
     0 | D:1      | Reached XP level 1. HP: 9/9 MP: 4/4
   201 | D:1      | Reached XP level 2. HP: 14/14 MP: 0/6
   538 | D:1      | Reached skill level 1 in Fighting
   691 | D:1      | Reached XP level 3. HP: 11/18 MP: 0/8
   889 | D:1      | Learned a level 3 spell: Vampiric Draining
  1513 | D:2      | Reached skill level 1 in Short Blades
  1519 | D:2      | Gained mutation: Your natural rate of healing is unusually
                  | fast. [Vine Stalker growth]
  1519 | D:2      | Reached XP level 4. HP: 16/22 MP: 9/9
  1966 | D:3      | Found a shadowy altar of Dithmenos.
  2062 | D:3      | Found Utewih's Weapon Emporium.
  2403 | D:3      | Reached XP level 5. HP: 26/26 MP: 10/10
  2702 | D:3      | Learned a level 5 spell: Agony
  2746 | D:3      | Found a runed translucent door.
  2749 | D:3      | Noticed Dittersdorf's ghost (amateur HuFi)
  2978 | D:3      | Found a faded altar of an unknown god.
  3324 | D:4      | Reached XP level 6. HP: 31/31 MP: 12/12
  3360 | D:4      | Noticed Menkaure
  3487 | D:4      | Killed Menkaure
  3522 | D:4      | Found Fuost's Jewellery Shop.
  3525 | D:4      | Found Iremog's Weapon Shop.
  3617 | D:5      | Entered Level 5 of the Dungeon
  3720 | D:5      | Noticed Edmund
  3744 | D:5      | Killed Edmund
  3745 | D:5      | Reached XP level 7. HP: 14/36 MP: 9/13
  3958 | D:4      | Found an opulent altar of Gozag.
  3987 | D:4      | Became a worshipper of Gozag Ym Sagoz the Greedy
  4227 | D:5      | Reached skill level 5 in Necromancy
  4254 | D:5      | Found a glowing silver altar of Zin.
  4254 | D:5      | Noticed an angel
  4511 | D:5      | Found a glowing golden altar of the Shining One.
  4779 | D:4      | Bought a +2 short sword of protection for 202 gold pieces
  4833 | D:5      | Gained mutation: You have razor-sharp teeth. [Vine Stalker
                  | growth]
  4833 | D:5      | Reached XP level 8. HP: 42/42 MP: 15/15
  5010 | D:5      | Identified the +14 plate armour "Cubianna" {Dex+6}
  5555 | D:6      | Noticed Maggie
  5567 | D:6      | Killed Maggie
  5568 | D:6      | Reached skill level 5 in Spellcasting
  5568 | D:6      | Reached skill level 6 in Necromancy
  5689 | D:6      | Found a hazy altar of Hepliaklqana.
  6032 | D:6      | Reached XP level 9. HP: 46/46 MP: 18/18
  6196 | D:6      | Reached skill level 5 in Fighting
  6376 | D:6      | Found Rydwyiw's Vocational Training.
  6406 | D:6      | Reached skill level 5 in Short Blades
  6476 | D:7      | Identified a scroll of acquirement
  6476 | D:7      | Acquired a book of Death
  6486 | D:7      | Learned a level 7 spell: Haunt
  6725 | D:7      | Reached skill level 1 in Summonings
  6806 | D:8      | Found a shimmering altar of Xom.
  6943 | D:7      | Noticed Prince Ribbit
  6960 | D:7      | Killed Prince Ribbit
  6961 | D:7      | Reached skill level 7 in Necromancy
  6961 | D:7      | Found a staircase to the Ecumenical Temple.
  7421 | D:8      | Noticed a six-headed hydra
  7525 | D:8      | Noticed a cyclops
  7561 | D:8      | Noticed a purple ugly thing
  7565 | D:8      | Noticed an efreet
  7569 | D:8      | Reached XP level 10. HP: 53/53 MP: 20/20
  7597 | D:8      | Noticed a two-headed ogre
  7598 | D:8      | Killed a purple ugly thing
  7614 | D:8      | Killed a cyclops
  7626 | D:8      | Killed a two-headed ogre
  7627 | D:8      | Reached skill level 8 in Necromancy
  7635 | D:8      | Slain by a six-headed hydra

Illustrated notes

Levels and vault maps discovered:
D:1:      minmay_arrival_glassed_features, layout_loops_ring
D:2:      layout_basic, minmay_bisected
D:3:      minmay_octagon_keep, layout_basic, lemuel_crystal_altar,
          ebering_ghost_sewer_d, serial_shops, nicolae_square_shop,
          dreamdust_ecumenical_altar_statues
D:4:      layout_rooms, overflow_temple_1_default, nicolae_ossuary_entry_plus,
          nicolae_wooded_promenade, nicolae_titane, uniq_menkaure
D:5:      layout_loops_ring, zin_angel, tso_metal_star, uniq_edmund
D:6:      layout_basic, mainiacjoe_overflow_24_doors, nicolae_lava_and_water,
          nicolae_shop_vocational, uniq_maggie
D:7:      layout_cave_pods, minmay_temple_entry_tees,
          kennysheep_decorative_pillar, uniq_prince_ribbit1
D:8:      minmay_the_grid_octo_triangle [minmay_the_grid_octo_horde,
          minmay_the_grid_octo_prize_star, minmay_the_grid_octo_pinwheel],
          layout_basic, lemuel_crystal_altar, mainiacjoe_overflow_boulevard
D:9:      dragon1_lemuel, layout_stronghold, david_lair_generic, enter_bailey_5,
          nicolae_underground_beach

Skill      XL: |  1  2  3  4  5  6  7  8  9 10 |
---------------+-------------------------------+-----
Fighting       | 1 2 3 4 6 |  6.7
Short Blades   | 1 2 3 4 5 6 |  6.6
Spellcasting   | 3 4 5 6 |  6.2
Dodging        | 2 |  2.5
Stealth        | 3 4 |  4.0
Necromancy     | 5 6 7 8 |  8.1
Summonings     | 3 4 |  4.4

Action                     |  1- 3 |  4- 6 |  7- 9 | 10-12 || total
---------------------------+-------+-------+-------+-------++-------
  Melee: Unarmed           |     4 |       |       |       ||     4
         Bite              |    19 |    74 |   198 |    22 ||   313
         Dagger            |    80 |   232 |   126 |       ||   438
         Punch             |       |     2 |     6 |     2 ||    10
         Short sword       |       |       |   369 |    48 ||   417
  Throw: Javelin           |       |     2 |       |       ||     2
         Dart              |       |       |     2 |       ||     2
         Throwing net      |       |       |       |     2 ||     2
   Cast: Necrotise         |    26 |    24 |     5 |       ||    55
         Vampiric Draining |     1 |     5 |     1 |       ||     7
         Agony             |       |       |     3 |     5 ||     8
    Use: Scroll            |       |     3 |    11 |       ||    14
         Potion            |       |     1 |     1 |     1 ||     3
   Stab: Sleeping          |     1 |    11 |     8 |       ||    20
         Distracted        |       |       |     1 |       ||     1
         Held in net/web   |       |       |       |     3 ||     3
 Armour: Robe              |    19 |    71 |     6 |       ||    96
         Leather armour    |       |       |    56 |       ||    56
         Steam dragon scal |       |       |   140 |    14 ||   154
  Dodge: Dodged            |    68 |   152 |   332 |    15 ||   567

Table legend: (Time is in decaauts)
 A = Elapsed time spent in this place.
 B = Non-inter-level travel time spent in this place.
 C = Inter-level travel time spent in this place.
 D = Time resting spent in this place.
 E = Time spent auto-exploring this place.
 F = Levels seen in this place.
 G = Mean time per level.
                   A        B        C        D        E       F      G
               +--------+--------+--------+--------+--------+-----+--------+
         Total |   7478 |   7210 |    268 |    356 |   4587 |   9 |  830.9 |
       Dungeon |   7478 |   7210 |    268 |    356 |   4587 |   9 |  830.9 |
               +--------+--------+--------+--------+--------+-----+--------+

Top non-repeatable levels by time:
     D:3: 1308 daAuts
     D:5: 1073 daAuts
     D:6: 1049 daAuts
     D:7: 1049 daAuts
     D:1: 1039 daAuts
     D:2: 893 daAuts
     D:4: 891 daAuts
     D:8: 162 daAuts
     D:9: 11 daAuts
